 Dungeon Crawl Stone Soup version 0.22-a0-293-gc9362ec (webtiles) character file.

46 matakusis the Caller (level 3, 0/19 HPs)
             Began as a Deep Elf Summoner on Mar 24, 2018.
             Succumbed to an adder's poison
             ... on level 2 of the Dungeon.
             The game lasted 00:05:58 (1168 turns).

matakusis the Caller (Deep Elf Summoner)            Turns: 1168, Time: 00:05:59

Health: 0/19       AC:  3    Str:  5    XL:     3   Next: 46%
Magic:  10/10      EV: 13    Int: 20    God:
Gold:   39         SH:  0    Dex: 15    Spells: 6/9 levels left

rFire    . . .     SeeInvis .   b - +1 dagger (elec)
rCold    . . .     Gourm    .   (no shield)
rNeg     . . .     Faith    .   a - +0 robe
rPois    .         Spirit   .   g - +0 helmet
rElec    .         Reflect  .   (no cloak)
rCorr    .         Harm     .   (no gloves)
MR       .....                  (no boots)
Stlth    ++........             f - amulet of magic regeneration
HPRegen  0.06/turn              (no ring)
MPRegen  0.37/turn              (no ring)

@: lethally poisoned (0 -> -5), berserk cooldown, slowed, very slow
A: no striking features
a: no special abilities


You were on level 2 of the Dungeon.
You were not hungry.

You visited 1 branch of the dungeon, and saw 2 of its levels.

You collected 39 gold pieces.

Inventory:

Hand Weapons
 b - a +1 dagger of electrocution (weapon)
Missiles
 e - 22 arrows
Armour
 a - a +0 robe (worn)
 g - a +0 helmet (worn)
Jewellery
 f - an amulet of magic regeneration (around neck)
Scrolls
 i - a scroll of identify
 k - a scroll of remove curse
 l - a scroll of teleportation
Comestibles
 c - a ration
 h - 7 chunks of flesh


   Skills:
 - Level 2.4 Dodging
 - Level 2.4 Stealth
 + Level 3.7 Spellcasting
 * Level 5.5 Summonings


You had 6 spell levels left.
You knew the following spells:

 Your Spells              Type           Power        Failure   Level  Hunger
a - Summon Small Mammal   Summ           ####         1%          1    None
b - Call Imp              Summ           ####....     1%          2    ##.....


Dungeon Overview and Level Annotations

Branches:
Dungeon (2/15)

Altars:


Message History

Your +0 dagger of electrocution glows red for a moment.
Eat one of 8 chunks of flesh? (ye/n/q)
You eat one of the 8 chunks of flesh.
This raw flesh tastes terrible.
* * * LOW HITPOINT WARNING * * *
You feel sick.
There is a lethal amount of poison in your body!
There is a lethal amount of poison in your body!
There is a lethal amount of poison in your body!
There is a lethal amount of poison in your body!
There is a lethal amount of poison in your body!
There is a lethal amount of poison in your body!
There is a lethal amount of poison in your body!
There is a lethal amount of poison in your body!
You swap places.
* * * LOW HITPOINT WARNING * * *
You feel sick.
Your white imp looks more healthy.
You swap places.
You swap places.
You die...

.# #.# .# .# #.# .#
.### #.# .########....
..### ## .........#
#... ..(
.#####.#.#######..##..#
..###.#..............#
.........##### #.)#
..#####..# #@## ..#
##.# #5# ..# #.# #5#
'## #.# #5# .#### #.#
#.# ....# #.# #.#
....####.# #.#
##..#..[.#######.#
##'#.#..........#


You could see a friendly iron imp, a friendly crimson imp and a friendly white
imp.

Vanquished Creatures
  A goblin (D:2)
  A bat (D:2)
  A frilled lizard (D:1)
  A kobold (D:2)
4 creatures vanquished.

Vanquished Creatures (collateral kills)
  Robin (D:2)
  2 adders (D:2)
  A dart slug (D:1)
  2 leopard geckos
  3 bats (D:1)
  A giant cockroach (D:1)
  12 goblins
  9 hobgoblins
  A frilled lizard (D:2)
  5 kobolds
37 creatures vanquished.

Grand Total: 41 creatures vanquished

Notes
Turn   | Place    | Note
-------+----------+-------------------------------------------
     0 | D:1      | matakusis the Deep Elf Summoner began the quest for the Orb.
     0 | D:1      | Reached XP level 1. HP: 10/10 MP: 6/6
   345 | D:1      | Reached XP level 2. HP: 15/15 MP: 5/8
   349 | D:1      | Learned a level 2 spell: Call Imp
   484 | D:1      | Reached skill level 5 in Summonings
  1030 | D:2      | Noticed Robin
  1030 | D:2      | Reached XP level 3. HP: 16/19 MP: 9/9
  1043 | D:2      | Killed Robin
  1168 | D:2      | Succumbed to an adder's poison

Vault maps used:
D:1:      dpeg_arrival_signposts, serial_bayou_ford_a
D:2:      kennysheep_nondescript, minivault_25, st_stairs_7,
          lexackson_kobold_supper, uniq_robin

Skill      XL: |  1  2 |
---------------+-------+-----
Summonings     | 5 |  5.5
Dodging        | |  2.4
Stealth        | |  2.4
Spellcasting   | |  3.7

Action                   || total
-------------------------++-------
Melee: Unarmed           ||     5
       Dagger            ||    12
 Cast: Summon Small Mamm ||    19
       Call Imp          ||    24
  Use: Scroll            ||     5
       Potion            ||     3
  Eat: Chunk             ||     2
Armor: Robe              ||     4
Dodge: Dodged            ||    30

Table legend:
 A = Spawn XP
 B = Non-spawn XP
 C = Spawn XP percentage of total XP
 D = Spawn monster count
 E = Non-spawn monster count
 F = Spawn count percentage of total count
 G = Total turns spent on level
                    A         B        C        D         E        F      G
               +---------+---------+-------+---------+---------+-------+---------
         Total |       0 |      67 |   0.0 |       0 |      41 |   0.0 |  1168
               +---------+---------+-------+---------+---------+-------+---------
           D:1 |       0 |      23 |   0.0 |       0 |      20 |   0.0 |   852
           D:2 |       0 |      44 |   0.0 |       0 |      21 |   0.0 |   316
               +---------+---------+-------+---------+---------+-------+---------
